 Dungeon Crawl Stone Soup version 0.24.0-123-gd5b16e6ec5 (webtiles) character file.

Game seed: 6841255262189118866, levelgen mode: deterministic

8374 Amplified the Fighter (level 11, -1/101 HPs)
             Began as a Centaur Gladiator on Jan 18, 2020.
             Was a Priest of Ashenzari.
             Killed by divine providence
             ... invoked by an orc priest
              (12 damage)
             ... on level 11 of the Dungeon.
             The game lasted 00:13:28 (7076 turns).

Amplified the Fighter (Centaur Gladiator)           Turns: 7076, Time: 00:13:28

Health: -1/101     AC:  9    Str: 22    XL:     11   Next: 9%
Magic:  3/3        EV: 10    Int: 12    God:    Ashenzari [***...]
Gold:   483        SH: 17    Dex: 12    Spells: 10/10 levels left

rFire    . . .     SeeInvis +   z - +5 demon whip "Spellbinder" {antimagic, MR+} (curse)
rCold    + . .     Gourm    .   w - +5 shield of the Inquisitive Ghosts {rElec Int+3} (curse)
rNeg     . . .     Faith    +   y - +2 robe {MR+}
rPois    .         Spirit   .   c - +2 helmet (curse)
rElec    +         Reflect  .   (no cloak)
rCorr    .         Harm     .   (no gloves)
MR       ++...                  (no barding)
Stlth    ++........             n - amulet of faith
HPRegen  0.26/turn              j - ring of stealth
MPRegen  0.08/turn              p - ring of protection from cold

@: mighty, lethally poisoned (-1 -> -1), hasted, very quick
A: large, hooves 3, deformed body, speed 2, tough skin 3
a: Curse Item, Scrying, Renounce Religion


You were on level 11 of the Dungeon.
You worshipped Ashenzari.
Ashenzari was most pleased with you.
You were not hungry.

You visited 2 branches of the dungeon, and saw 12 of its levels.

You collected 483 gold pieces.

Inventory:

Hand Weapons
 a - a +0 trident
 e - the +4 war axe of the Endless Curses {antimagic, +Fly rN+}
   (You found it on level 4 of the Dungeon)

   It reduces the magical energy of the wielder, and disrupts the spells and
   magical abilities of those hit.
   Natural abilities and divine invocations are not affected.
   It protects you from negative energy.
   It lets you fly.
 z - the cursed +5 demon whip "Spellbinder" (weapon) {antimagic, MR+}
   (You found it on level 6 of the Dungeon)

   It reduces the magical energy of the wielder, and disrupts the spells and
   magical abilities of those hit.
   Natural abilities and divine invocations are not affected.
   It affects your resistance to hostile enchantments.
   It has a curse placed upon it.
Missiles
 b - 7 poisoned darts (quivered)
Armour
 c - a cursed +2 helmet (worn)
 w - the cursed +5 shield of the Inquisitive Ghosts (worn) {rElec Int+3}
   (You found it on level 4 of the Dungeon)

   It affects your intelligence (+3).
   It insulates you from electricity.
   It has a curse placed upon it.
 y - a +2 robe of magic resistance (worn)
Jewellery
 j - a ring of stealth (left hand)
 n - an amulet of faith (around neck)
 p - a ring of protection from cold (right hand)
 t - an uncursed ring of teleportation
 E - an uncursed amulet of regeneration
Wands
 h - a wand of paralysis (2)
 B - a wand of digging (3)
Scrolls
 g - 2 scrolls of teleportation
 i - a scroll of remove curse
 r - 3 scrolls of identify
 v - 3 scrolls of fog
 x - 2 scrolls of immolation
 D - a scroll of enchant armour
Potions
 k - 4 potions of flight
 m - a potion of lignification
 q - a potion of agility
 s - a potion of might
 C - a potion of cancellation
 F - a potion of resistance
Comestibles
 f - 15 rations


   Skills:
 * Level 10.3 Fighting
 - Level 3.2(6.6) Axes
 * Level 7.8(10.9) Maces & Flails
 - Level 4.3(4.9) Polearms
 - Level 2.1 Throwing
 - Level 2.1 Dodging
 * Level 7.3(9.3) Shields


You had 10 spell levels left.
You didn't know any spells.
Your spell library contained the following spells:

 Spells                   Type           Power        Failure   Level  Hunger
 Magic Dart               Conj           #...         32%         1    ##.....
 Blink                    Tloc           N/A          45%         2    ###....
 Call Imp                 Summ           #.......     45%         2    ###....
 Slow                     Hex            #.......     45%         2    ###....
 Conjure Flame            Conj/Fire      #.......     69%         3    ####...
 Mephitic Cloud           Conj/Pois/Air  #.......     69%         3    ####...


Dungeon Overview and Level Annotations

Branches:
Dungeon (11/15)            Temple (1/1) D:7            Lair (0/6) D:8
    Orc: D:9-12

Altars:
Ashenzari
Cheibriados
Dithmenos
Elyvilon
Fedhas
Gozag
Hepliaklqana
Kikubaaqudgha
Makhleb
Nemelex Xobeh
Okawaru
Qazlal
Ru
Sif Muna
Trog
Uskayaw
Vehumet
Wu Jian
Xom
Yredelemnul
Zin
The Shining One


Innate Abilities, Weirdness & Mutations

You have hooves in place of feet.
Armour fits poorly on your strangely shaped body.
You cover ground very quickly.
You have extremely tough skin. (AC +3)


Message History

Please select a direction to dig.
Okay, then.
Things that are here:
a +0 shortbow; 14 arrows; a centaur corpse You feel yourself speed up.
You feel sick.
Unknown command.
Evoke which item? (* to show all) (? for menu, Esc to quit)
Aiming: Dig
Press: ? - help, Shift-Dir - straight line A rock wall.
The rock shatters into small pieces.
You feel sick.
You hear a shout! x2
A six-headed hydra comes into view.
You hear a shout! x2
An orc priest comes into view.
You feel sick.
The orc priest shouts!
The orc priest mumbles some strange prayers to Beogh against you.
Beogh smites you!
You die...

#.......).KY(##Y..### *
#.......####..#!....# ,,
*#...?....{.......##.#,*
* #......####<..#### # *
,#.....K####...# , ,
,#######K....#.## * * *
#....##.#.. ,, ,
>.D...##...[#.# ** ,>
*####....#.##@# * * ,
,....#####.#.# **, , ###
* ##..# ,** , , ,
*##...#* , , ,, * * *
,o......# * *
,,{{{######## , ,* *


You could see an orc priest.

Vanquished Creatures
  A shock serpent (D:10)
  A gargoyle (D:10)
  2 hornets
  Grinder (D:6)
  A wraith (D:10)
  15 yaks
  A steam dragon (D:7)
  A water moccasin (D:7)
  A porcupine (D:8)
  An ice beast (D:6)
  A sky beast (D:6)
  6 black bears
  A hornet zombie (D:10)
  2 orc warriors
  A necrophage (D:10)
  3 ogres
  3 centaurs
  A crocodile (D:8)
  A big kobold (D:8)
  7 bullfrogs
  2 scorpions (D:8)
  3 killer bees (D:10)
  4 wights (D:9)
  3 howler monkeys (D:9)
  5 crimson imps
  A quasit (D:10)
  A centaur zombie (D:8)
  7 hounds
  5 orc priests
  A centaur skeleton (D:8)
  2 jellies
  3 bullfrog skeletons
  8 orc wizards
  7 iguanas
  7 worker ants
  A howler monkey zombie (D:5)
  3 worker ant zombies
  12 adders
  2 shadow imps
  An adder skeleton (D:8)
  An adder zombie (D:8)
  3 worms (D:2)
  3 dart slugs (D:1)
  3 leopard geckos
  26 orcs
  8 bats
  8 giant cockroaches
  9 hobgoblins
  12 jackals
  8 kobolds
  3 quokkas
  2 ball pythons
  6 frilled lizards
  2 gnoll zombies (D:3)
  5 goblins
  A leopard gecko zombie (D:8)
  A quokka zombie (D:9)
  8 rats
238 creatures vanquished.

Vanquished Creatures (others)
  5 fungi (D:8)
5 creatures vanquished.

Grand Total: 243 creatures vanquished

Notes
Turn   | Place    | Note
-------+----------+-------------------------------------------
     0 | D:1      | Amplified the Centaur Gladiator began the quest for the
                  | Orb.
     0 | D:1      | Reached XP level 1. HP: 17/17 MP: 1/1
    43 | D:1      | Reached XP level 2. HP: 22/25 MP: 2/2
   363 | D:1      | Reached XP level 3. HP: 30/30 MP: 3/3
   535 | D:1      | Reached skill level 3 in Fighting
   784 | D:2      | Reached XP level 4. HP: 38/38 MP: 4/4
  1450 | D:3      | Found a basalt altar of Yredelemnul.
  1756 | D:4      | Noticed an ogre
  1774 | D:4      | Killed an ogre
  1774 | D:4      | Reached skill level 4 in Fighting
  1774 | D:4      | Reached skill level 1 in Shields
  1774 | D:4      | Reached XP level 5. HP: 41/46 MP: 5/5
  1791 | D:4      | Got a polished war axe
  1792 | D:4      | Identified the +4 war axe of the Endless Curses {antimagic,
                  | +Fly rN+} (You found it on level 4 of the Dungeon)
  1816 | D:4      | Got a blackened shield
  1827 | D:4      | Identified the +5 shield of the Inquisitive Ghosts {rElec
                  | Int+3} (You found it on level 4 of the Dungeon)
  1897 | D:4      | Reached XP level 6. HP: 39/53 MP: 2/6
  1930 | D:4      | Reached skill level 1 in Axes
  2305 | D:5      | Entered Level 5 of the Dungeon
  2508 | D:5      | Found a stormy altar of Qazlal.
  2754 | D:5      | Reached skill level 5 in Fighting
  2754 | D:5      | Reached XP level 7. HP: 61/61 MP: 2/7
  3102 | D:6      | Found the +5 demon whip "Spellbinder" {antimagic, MR+}
  3268 | D:6      | Found a glowing golden altar of the Shining One.
  3268 | D:6      | Noticed Grinder
  3303 | D:6      | Killed Grinder
  3303 | D:6      | Reached skill level 6 in Fighting
  3303 | D:6      | Reached skill level 1 in Maces & Flails
  3303 | D:6      | Reached XP level 8. HP: 58/70 MP: 2/8
  3331 | D:6      | Found an ornate altar of the Wu Jian Council.
  3527 | D:7      | Found a staircase to the Ecumenical Temple.
  3560 | Temple   | Entered the Ecumenical Temple
  3747 | Temple   | Became a worshipper of Ashenzari the Shackled
  4087 | D:8      | Found an iron altar of Okawaru.
  4095 | D:8      | Reached skill level 7 in Fighting
  4138 | D:8      | Reached * piety under Ashenzari
  4154 | D:8      | Reached XP level 9. HP: 53/79 MP: 3/9
  4307 | D:8      | Found a staircase to the Lair.
  4342 | D:8      | Reached skill level 5 in Shields
  4425 | D:8      | Reached skill level 8 in Fighting
  4614 | D:8      | Reached skill level 5 in Maces & Flails
  4819 | D:9      | Reached ** piety under Ashenzari
  5012 | D:9      | Found a sacrificial altar of Ru.
  5416 | D:9      | Reached XP level 10. HP: 68/90 MP: 3/10
  5426 | D:9      | Reached skill level 9 in Fighting
  5729 | D:10     | Entered Level 10 of the Dungeon
  6182 | D:10     | Noticed Erica
  6190 | D:10     | Noticed Erica
  6190 | D:10     | Erica changed into Erica the shock serpent
  6200 | D:10     | Killed Erica the shock serpent
  6654 | D:10     | Reached skill level 10 in Fighting
  6769 | D:10     | Noticed a gargoyle
  6781 | D:10     | Killed a gargoyle
  7020 | D:11     | Reached XP level 11. HP: 90/100 MP: 3/11
  7031 | D:11     | Reached *** piety under Ashenzari
  7043 | D:11     | Paralysed by a hornet for 3 turns
  7055 | D:11     | Paralysed by a hornet for 1 turns
  7069 | D:11     | Noticed a six-headed hydra
  7076 | D:11     | Killed from afar by an orc priest

Levels and vault maps discovered:
D:1:      scummos_arrival_checkerplants, layout_loops_cross, minivault_19
D:2:      minmay_evil_eye, layout_rooms
D:3:      layout_loops_ring, lemuel_zombie_altar_yredelemnul, first_ration,
          minmay_misc_feat_cross
D:4:      layout_basic, eino_small_chamber_without_monster
D:5:      layout_cave_pools, nicolae_qazlal_general_emergency
D:6:      layout_rooms, kennysheep_mini, tso_metal_star, uniq_grinder
D:7:      statuecave_lemuel, layout_basic, minmay_temple_entry_slanted,
          kennysheep_generic_room_11
D:8:      cheibrodos_helix_gallery, layout_cave_pools, lemuel_crystal_altar,
          due_lair_maze_entry_diamond
D:9:      layout_basic, lemuel_doored_altar
D:10:     layout_irregular_city, uniq_erica
D:11:     layout_rooms, david_orc_2, serial_shops, shop
Temple:   eino_temple_scatter_basement

Skill      XL: |  1  2  3  4  5  6  7  8  9 10 |
---------------+-------------------------------+-----
Polearms       | 3 4 |  4.3
Fighting       | 3 4 5 6 7 8 10 | 10.3
Shields        | 1 2 3 4 5 7 |  7.3
Axes           | 2 3 |  3.2
Maces & Flails | 1 3 5 7 |  7.8
Throwing       | |  2.1
Dodging        | |  2.1

Action                   |  1- 3 |  4- 6 |  7- 9 | 10-12 || total
-------------------------+-------+-------+-------+-------++-------
Melee: Trident           |   104 |    74 |       |       ||   178
       Kick              |    11 |    29 |    79 |    62 ||   181
       War axe           |       |    91 |    29 |       ||   120
       Demon whip        |       |       |   254 |   205 ||   459
Throw: Throwing net      |       |     1 |     1 |     2 ||     4
Invok: Curse Item        |       |       |     3 |       ||     3
Evoke: Wand              |       |       |     3 |     5 ||     8
  Use: Potion            |     1 |     3 |     1 |     4 ||     9
       Scroll            |       |     6 |     8 |     3 ||    17
 Stab: Sleeping          |       |     3 |     4 |       ||     7
       Held in net/web   |       |     1 |       |     1 ||     2
       Invisible         |       |     1 |       |       ||     1
       Paralysed         |       |       |     7 |     2 ||     9
       Distracted        |       |       |       |     1 ||     1
  Eat: Chunk             |       |     4 |     7 |     5 ||    16
Armor: Leather armour    |    32 |    20 |       |       ||    52
       Robe              |       |    17 |    47 |    25 ||    89
Dodge: Dodged            |    30 |    56 |    38 |    44 ||   168
Block: Buckler           |       |     2 |       |       ||     2
       Shield            |       |    46 |   170 |   124 ||   340
